 Dungeon Crawl Stone Soup version 0.30-b1-2-g02819fbbbe (webtiles) character file.

Game seed: 6670959449634026109

159 Mesmaeker13 the Conjurer (level 4, 0/37 HPs)
             Began as a Demigod Reaver on July 15, 2023.
             Killed by divine providence
             ... invoked by an orc priest
              (16 damage)
             ... on level 3 of the Dungeon.
             The game lasted 00:03:38 (2324 turns).

Mesmaeker13 the Conjurer (Demigod Reaver)           Turns: 2324, Time: 00:03:39

Health: 0/37       AC:  5    Str: 13    XL:     4   Next: 95%
Magic:  9/9        EV: 12    Int: 19    God:
Gold:   158        SH:  0    Dex: 12    Spells: 6/7 levels left

rFire   . . .        a - +0 falchion
rCold   . . .        (no shield)
rNeg    . . .        b - +0 leather armour
rPois   .            r - +0 helmet
rElec   .            m - +0 cloak
rCorr   .            (no gloves)
SInv    .            (no boots)
Will    .....        (no amulet)
Stlth   +            (no ring)
HPRegen 0.26/turn    (no ring)
MPRegen 0.11/turn

%: no passive effects
@: no status effects
A: high MP 1, forlorn, divine attributes
a: no special abilities


You were on level 3 of the Dungeon.
You visited 1 branch of the dungeon, and saw 3 of its levels.

You collected 158 gold pieces.

Inventory:

Hand Weapons
 a - a +0 falchion (weapon)
Armour
 b - a +0 leather armour (worn)
 m - a +0 cloak (worn)
 r - a +0 helmet (worn)
Scrolls
 c - a scroll of torment
 d - 2 scrolls of blinking {unknown}
 e - 2 scrolls of magic mapping {unknown}
 h - a scroll of noise {unknown}
 j - a scroll of fog {unknown}
 k - a scroll of poison {unknown}
 n - a scroll of fear
 o - 2 scrolls of teleportation {unknown}
 q - 2 scrolls of identify
Potions
 g - a potion of haste
 i - a potion of lignification
 l - 2 potions of curing {unknown}
 p - 2 potions of attraction {unknown}


   Skills:
 + Level 2.9 Fighting
 - Level 2.6 Long Blades
 + Level 2.8 Dodging
 - Level 2.0 Spellcasting
 + Level 3.5 Conjurations
 + Level 1.6 Necromancy


You had 6 spell levels left.
You knew the following spells:

 Your Spells              Type           Power      Damage    Failure   Level
a - Kiss of Death         Conj/Necr      44%        2d8       8%          1

Your spell library contained the following spells:

 Spells                   Type           Power      Damage    Failure   Level
 Necrotise                Necr           32%        1d5       11%         1
 Momentum Strike          Conj/Tloc      16%        3d8       16%         2
 Freeze                   Ice            4%         1d3       22%         1
 Sandblast                Erth           2%         2d4       22%         1
 Hailstorm                Conj/Ice       8%         3d4       30%         3
 Stone Arrow              Conj/Erth      16%        3d8       30%         3
 Passwall                 Tmut/Erth      0%         N/A       32%         2
 Vampiric Draining        Necr           8%         2d6       32%         3
 Frozen Ramparts          Ice            2%         1d1       54%         3
 Ice Form                 Ice/Tmut       1%         N/A       91%         4
 Agony                    Necr           8%         N/A       97%         5
 Simulacrum               Ice/Necr       2%         N/A       100%        6


Dungeon Overview and Level Annotations

Branches:
Dungeon (3/15)

Shops:
D:2 ?


Innate Abilities, Weirdness & Mutations

You have an increased reservoir of magic. (+10% MP)
You shall have no god before yourself.
Your divine heritage dramatically boosts your attributes as you level up.


Message History

You closely miss the orc priest. The orc priest misses you.
You barely miss the orc priest. The orc priest barely misses you.
You barely miss the orc priest. The orc priest misses you.
You hit the orc priest.
The orc priest is lightly wounded.
The orc priest hits you with a +0 falchion.
The orc priest hits you but does no damage.
You hit the orc priest.
The orc priest is moderately wounded.
The orc priest hits you with a +0 falchion.
You barely miss the orc priest.
The orc priest is moderately wounded.
The orc priest casts a cantrip, but nothing happens.
You hit the orc priest.
The orc priest is severely wounded.
The orc priest hits you but does no damage.
You barely miss the orc priest.
The orc priest is severely wounded.
The orc priest misses you.
You closely miss the orc priest.
The orc priest is severely wounded.
The orc priest calls down the wrath of Beogh upon you.
Beogh smites you!
You hit the orc priest.
The orc priest is severely wounded.
The orc priest closely misses you.
You hit the orc priest.
The orc priest is almost dead.
The orc priest closely misses you. x2
Casting: Kiss of Death (safe; 8% risk of failure)
Confirm with . or Enter, or press ? or * to list all spells.
Aiming: Kiss of Death (safe; 8% risk of failure)
Press: ? - help, Shift-Dir - straight line, f - orc priest
Aim: an orc priest, wielding a +0 falchion (almost dead, 100% to hit)
Okay, then.
You barely miss the orc priest.
The orc priest is almost dead.
The orc priest mumbles some strange prayers to Beogh against you.
Beogh smites you!
You die...

..##... ....... .......
....... ....... .......
.......#######
.....()@...)>#
....(.o##.##.#
...(...##.##.#
..........##.#
........####.##########
........# #..........##
........# #.########..#
..####### ### ##.# .
..... #.#


You could see an orc priest.

Vanquished Creatures
  An orc priest (D:3)
  An iguana (D:3)
  5 adders
  A dart slug (D:2)
  An orc (D:3)
  6 ball pythons
  2 bats
  4 endoplasms
  5 giant cockroaches
  8 goblins
  4 hobgoblins
  4 kobolds
  3 quokkas
  2 frilled lizards
  6 rats
53 creatures vanquished.

Notes
Turn   | Place    | Note
-------+----------+-------------------------------------------
     0 | D:1      | Mesmaeker13 the Demigod Reaver began the quest for the Orb.
     0 | D:1      | Reached XP level 1. HP: 17/17 MP: 5/5
   319 | D:1      | Reached XP level 2. HP: 24/24 MP: 7/7
   985 | D:2      | Reached skill level 3 in Conjurations
  1057 | D:2      | Reached XP level 3. HP: 23/27 MP: 5/8
  1104 | D:2      | Found Xoaliyhe's Magic Scroll Shoppe.
  1606 | D:3      | Reached skill level 1 in Necromancy
  1762 | D:3      | Reached XP level 4. HP: 26/34 MP: 9/9
  2324 | D:3      | Killed from afar by an orc priest

Illustrated notes

Levels and vault maps discovered:
D:1:      psy_arrival_radial02, layout_loops_ring
D:2:      layout_basic, serial_shops, nicolae_shop_peninsula
D:3:      layout_basic, elyvilon_altar_3, okawaru_gym_becter

Skill      XL: |  1  2  3 |
---------------+----------+-----
Fighting       | 2 |  2.9
Dodging        | 2 |  2.8
Spellcasting   | 2 |  2.0
Conjurations   | 3 |  3.5
Necromancy     | 1 |  1.6
Long Blades    | |  2.6

Action                     |  1- 3 |  4- 6 || total
---------------------------+-------+-------++-------
  Melee: Falchion          |   136 |    54 ||   190
  Throw: Dart              |       |     7 ||     7
   Cast: Kiss of Death     |     2 |       ||     2
    Use: Scroll            |     4 |       ||     4
 Armour: Leather armour    |    42 |    16 ||    58
  Dodge: Dodged            |    85 |    32 ||   117
